AoeStats
← RD | Omaradames

Arena

506421210Analyzed
4v4 RM · 17d ago on Sep 13, 2026· 51m 52s· 8 players
Game mode
Random Map
Map size
Large (8 player)
Population
200
Speed
Normal
Resources
Standard
Victory
Conquest
Starting age
Dark Age
Ending age
Imperial Age
RankedLock teamsTeams togetherTeam positionsShared explorationLock speedFull tech treeHidden civsTurbo modeCheats
Victory
Defeat
🇫🇷 Tatars · France
1418
+17
🇺🇸 Muisca · United States
1406
+18
🇨🇳 Mongols · China
1385
+18
🇬🇧 Britons · United Kingdom
1357
+19
🇩🇴 Lithuanians · Dominican Republic
1620
-26
🇩🇴 Italians · Dominican Republic
1397
-16
🇩🇴 Magyars · Dominican Republic
1371
-15
🇩🇴 Goths · Dominican Republic
1365
-15
Isengard
10:10 Feudal Age
11:06 Loom
14:09 Castle Age
12:58 Double-Bit Axe
13:00 Horse Collar
13:47 Champi Runner
16:01 Champi Warrior
17:47 Scale Mail Armor
18:53 Forging
20:01 Chain Mail Armor
20:59 Iron Casting
21:06 Squires
28:18 Bow Saw
30:42 Wheelbarrow
38:27 Imperial Age
38:40 Elite Champi Warrior
40:00 Plate Mail Armor
44:16 Hand Cart
48:48 Town Watch
49:09 Fletching
49:19 Padded Archer Armor
Based Lettuce
10:49 Feudal Age
12:14 Double-Bit Axe
15:10 Castle Age
13:34 Horse Collar
16:54 Fletching
17:07 Padded Archer Armor
17:27 Gold Mining
20:42 Loom
22:27 Wheelbarrow
38:08 Bow Saw
38:09 Crossbowman
40:34 Bodkin Arrow
40:54 Leather Archer Armor
45:57 Imperial Age
44:55 Forging
44:46 Scale Mail Armor
44:55 Pikeman
45:35 Squires
46:26 Ballistics
46:17 Masonry
46:55 Heavy Plow
47:12 Hand Cart
46:52 Capped Ram
48:21 Conscription
48:13 Bracer
48:43 Ring Archer Armor
49:39 Arbalester
51:03 Iron Casting
50:43 Chain Mail Armor
51:38 Chemistry
52:14 Warwolf
52:35 Yeomen
Hecktelion
2:49 Loom
9:41 Feudal Age
13:47 Castle Age
12:04 Double-Bit Axe
14:40 Horse Collar
20:29 Wheelbarrow
20:22 Heavy Plow
22:24 Bow Saw
22:49 Stone Mining
24:27 Hand Cart
24:59 Gold Mining
26:46 Gold Shaft Mining
26:58 Loom
30:01 Imperial Age
28:02 Fletching
28:13 Padded Archer Armor
28:58 Ballistics
28:38 Bodkin Arrow
29:09 Masonry
29:38 Leather Archer Armor
30:36 Silk Armor
31:45 Chemistry
30:47 Bracer
31:09 Conscription
31:08 Bloodlines
30:59 Husbandry
31:58 Ring Archer Armor
31:33 Heavy Cavalry Archer
32:19 Murder Holes
34:35 Timurid Siegecraft
36:16 Siege Engineers
35:52 Treadmill Crane
36:26 Town Watch
37:14 Crop Rotation
36:56 Guilds
37:16 Coinage
37:12 Town Patrol
37:38 Fortified Wall
42:27 Forging
42:23 Scale Barding Armor
42:01 Elite Steppe Lancer
48:01 Iron Casting
47:47 Chain Barding Armor
50:00 Blast Furnace
50:56 Plate Barding Armor
帝国F.海峰
9:36 Feudal Age
13:39 Castle Age
12:08 Double-Bit Axe
17:01 Horse Collar
21:41 Wheelbarrow
22:41 Bow Saw
22:59 Stone Mining
23:28 Heavy Plow
24:28 Light Cavalry
26:25 Stone Shaft Mining
26:50 Hand Cart
26:30 Gold Mining
29:36 Imperial Age
28:13 Husbandry
28:24 Bloodlines
28:06 Fletching
28:17 Padded Archer Armor
29:26 Bodkin Arrow
29:46 Leather Archer Armor
29:54 Ballistics
29:45 Thumb Ring
30:43 Conscription
30:36 Bracer
31:04 Parthian Tactics
32:36 Chemistry
31:51 Elite Mangudai
33:36 Scale Barding Armor
33:42 Forging
33:22 Hussar
34:57 Gold Shaft Mining
35:48 Chain Barding Armor
38:13 Iron Casting
39:48 Coinage
39:19 Caravan
46:21 Siege Engineers
47:38 Banking
RD | Drakes
10:53 Feudal Age
14:49 Castle Age
12:46 Double-Bit Axe
17:07 Horse Collar
17:32 Loom
21:31 Wheelbarrow
22:14 Crossbowman
23:18 Fletching
24:08 Bodkin Arrow
25:22 Padded Archer Armor
27:00 Gold Mining
32:30 Imperial Age
31:06 Town Watch
31:38 Leather Archer Armor
31:56 Bow Saw
31:59 Heavy Plow
32:52 Hand Cart
34:16 Chemistry
33:31 Bracer
34:05 Arbalester
35:09 Conscription
35:25 Ballistics
36:30 Masonry
36:17 Stone Mining
38:15 Thumb Ring
43:50 Bloodlines
48:26 Elite Genoese Crossbowman
RD | Nfasis
10:04 Feudal Age
13:16 Loom
16:15 Castle Age
16:22 Light Cavalry
17:16 Double-Bit Axe
24:21 Bloodlines
24:51 Bow Saw
24:23 Horse Collar
25:08 Scale Barding Armor
28:36 Chain Barding Armor
29:05 Gold Mining
31:58 Heavy Plow
32:17 Husbandry
37:14 Imperial Age
35:27 Wheelbarrow
37:00 Gold Shaft Mining
36:17 Stone Mining
36:44 Hand Cart
36:14 Town Watch
37:06 Fletching
37:39 Ballistics
37:17 Cavalier
38:34 Plate Barding Armor
40:02 Paladin
41:28 Paladin
47:20 Bodkin Arrow
RD | Lina
9:32 Feudal Age
14:05 Castle Age
12:28 Double-Bit Axe
15:10 Bow Saw
15:45 Horse Collar
18:56 Gold Mining
21:08 Devotion
21:22 Redemption
22:34 Sanctity
23:56 Loom
26:51 Fervor
32:20 Fletching
38:12 Imperial Age
37:07 Bodkin Arrow
37:10 Elite Skirmisher
37:54 Padded Archer Armor
39:04 Bracer
40:29 Ballistics
43:38 Pikeman
46:28 Chemistry
47:45 Halberdier
48:45 Squires
49:09 Scale Mail Armor
49:51 Leather Archer Armor
50:10 Chain Mail Armor
52:09 Ring Archer Armor
51:49 Forging
RD | Omaradames
1:39 Loom
11:50 Feudal Age
15:26 Castle Age
13:15 Double-Bit Axe
13:30 Horse Collar
16:29 Bow Saw
19:11 Wheelbarrow
22:26 Fletching
25:34 Town Watch
29:26 Gold Mining
30:37 Heavy Plow
30:56 Hand Cart
35:21 Imperial Age
33:23 Squires
33:25 Scale Mail Armor
33:35 Forging
34:26 Chain Mail Armor
34:13 Anarchy
34:46 Masonry
34:13 Pikeman
35:38 Iron Casting
37:38 Crop Rotation
38:21 Blast Furnace
37:09 Elite Huskarl
41:04 Conscription
42:23 Stone Mining
43:47 Halberdier
46:06 Guilds
46:49 Perfusion
50:00 Two-Man Saw
Connection lost

Rejoining the realm…

Still unreachable

The connection could not be restored.

Session expired

The server has moved on; the page needs a fresh start.